 Dungeon Crawl Stone Soup version 0.24-a0-10-gb84795d (webtiles) character file.

Game seed: 11421696644337937069

79 ohad the Chopper (level 4, 0/35 HPs)
             Began as a Formicid Fighter on Jan 31, 2019.
             Succumbed to Sigmund's poison
             ... on level 3 of the Dungeon.
             The game lasted 00:02:58 (1470 turns).

ohad the Chopper (Formicid Fighter)                 Turns: 1470, Time: 00:02:59

Health: 0/35       AC:  6    Str: 25    XL:     4   Next: 64%
Magic:  4/4        EV:  8    Int:  8    God:
Gold:   65         SH: 10    Dex: 11    Spells: 3/3 levels left

rFire    . . .     SeeInvis +   a - +0 war axe
rCold    . . .     Gourm    .   c - +0 shield
rNeg     . . .     Faith    .   b - +0 scale mail
rPois    .         Spirit   .   (helmet unavailable)
rElec    .         Reflect  .   (no cloak)
rCorr    .         Harm     .   (no gloves)
MR       .....                  (no boots)
Stlth    ..........             (no amulet)
HPRegen  0.11/turn              (no ring)
MPRegen  0.09/turn              (no ring)

@: mighty, lethally poisoned (0 -> -21)
A: permanent stasis, dig shafts and tunnels, four strong arms, antennae 3
a: Dig, Shaft Self


You were on level 3 of the Dungeon.
You were not hungry.

You visited 1 branch of the dungeon, and saw 3 of its levels.

You collected 65 gold pieces.

Inventory:

Hand Weapons
 a - a +0 war axe (weapon)
Missiles
 n - 2 tomahawks (quivered)
Armour
 b - a +0 scale mail (worn)
 c - a +0 shield (worn)
Wands
 p - a wand of digging (4)
Scrolls
 e - a scroll of teleportation {unknown}
 i - a scroll of remove curse {unknown}
 k - a scroll of amnesia {unknown}
 m - a scroll of fog {unknown}
Potions
 d - a potion of might
 g - a potion of curing {unknown}
 j - 2 potions of heal wounds {unknown}
 l - a potion of degeneration {unknown}
 o - a potion of resistance {unknown}
 q - a potion of haste {unknown}
Comestibles
 f - 6 rations
 h - 2 chunks of flesh


   Skills:
 - Level 3.2 Fighting
 + Level 4.5 Axes
 - Level 3.2 Armour
 - Level 3.6 Shields


You had 3 spell levels left.
You didn't know any spells.
Your spell library was empty.

Dungeon Overview and Level Annotations

Branches:
Dungeon (3/15)

Altars:
Nemelex Xobeh

Annotations:
D:3 Sigmund


Innate Abilities, Weirdness & Mutations

You cannot be hasted, slowed, berserked, paralysed or teleported.
You can dig through walls and to a lower floor.
Your four strong arms can wield two-handed weapons with a shield.
You have a pair of large antennae on your head. (SInv)


Message History

Sigmund is lightly wounded.
Sigmund casts a spell at you. You resist with some effort.
Your shield and scale mail prevent you from hitting Sigmund.
Sigmund is lightly wounded.
You feel sick. Sigmund hits you but does no damage.
You are more poisoned.
You miss Sigmund.
Sigmund is lightly wounded.
You feel sick.
Sigmund hits you with a +2 scythe of venom!
* * * LOW HITPOINT WARNING * * *
You are more poisoned.
You slash Sigmund!
Sigmund is heavily wounded.
* * * LOW HITPOINT WARNING * * *
You feel sick. Sigmund barely misses you.
You barely miss Sigmund.
Sigmund is heavily wounded.
You die...

{ ### #
.(#.#).
#.#.#.#
#@#.#.##.
{
#@.......
#.....##.
#.#.###
#.#†####..
#>........
#.#.#####.
#.#...
#.#######
#.....<.#


You could see Sigmund.

Vanquished Creatures
  2 adders (D:2)
  4 worms (D:2)
  2 dart slugs
  3 leopard geckos (D:1)
  A ball python (D:1)
  A giant cockroach (D:1)
  3 goblins
  8 hobgoblins
  3 kobolds
  A quokka (D:2)
  6 bats
  3 frilled lizards
  6 rats
43 creatures vanquished.

Notes
Turn   | Place    | Note
-------+----------+-------------------------------------------
     0 | D:1      | ohad the Formicid Fighter began the quest for the Orb.
     0 | D:1      | Reached XP level 1. HP: 18/18 MP: 1/1
   126 | D:1      | Reached XP level 2. HP: 21/24 MP: 2/2
   292 | D:1      | Reached skill level 3 in Axes
   423 | D:1      | Reached XP level 3. HP: 26/29 MP: 3/3
   684 | D:2      | Found a sparkling altar of Nemelex Xobeh.
   906 | D:2      | Reached skill level 4 in Axes
   906 | D:2      | Reached XP level 4. HP: 25/35 MP: 4/4
  1448 | D:3      | Noticed Sigmund
  1470 | D:3      | Succumbed to Sigmund's poison

Vault maps used:
D:1:      psy_arrival_fountain, grunt_decor_arrowhead, minmay_small_reverse_x
D:2:      nemelex_xobeh_ov_fountains_minmay
D:3:      minmay_misc_feat_five, xom_teletrap_fun, uniq_crazy_yiuf_cottage,
          uniq_sigmund

Skill      XL: |  1  2  3 |
---------------+----------+-----
Axes           | 3 4 |  4.5
Fighting       | |  3.2
Armour         | |  3.2
Shields        | |  3.6

Action                   |  1- 3 |  4- 6 || total
-------------------------+-------+-------++-------
Melee: War axe           |    87 |    60 ||   147
  Use: Potion            |       |     1 ||     1
  Eat: Chunk             |       |     2 ||     2
Armor: Scale mail        |    35 |    21 ||    56
Dodge: Dodged            |    22 |    14 ||    36
Block: Shield            |    51 |    19 ||    70

Table legend:
 A = Non-vault XP
 B = Vault XP
 C = Vault XP percentage of total XP
 D = Non-vault monster count
 E = Vault monster count
 F = Vault count percentage of total count
                 A         B        C        D         E       F
            +---------+---------+-------+---------+---------+-------
      Total |     106 |       8 |   7.0 |      39 |       4 |   9.3
            +---------+---------+-------+---------+---------+-------
        D:1 |      34 |       8 |  19.0 |      17 |       4 |  19.0
        D:2 |      71 |       0 |   0.0 |      21 |       0 |   0.0
        D:3 |       1 |       0 |   0.0 |       1 |       0 |   0.0
            +---------+---------+-------+---------+---------+-------
